 Dungeon Sprint DCSS version 0.31-a0-348-g810772c3d7 (webtiles) character file.

Game seed: 14504974282594087369

7669 Conn the Eclecticist (level 11, 0/70 HPs)
             Began as an Octopode Fire Elementalist on July 23, 2023.
             Was a High Priest of Sif Muna.
             Slain by a killer bee (2 damage)
             ... in the Dungeon (Sprint III: "The Ten Rune Challenge").
             The game lasted 00:25:15 (4201 turns).

Conn the Eclecticist (Octopode Fire Elementalist)   Turns: 4201, Time: 00:25:16

Health: 0/70       AC:  1    Str:  6 (8)  XL:     11   Next: 18%
Magic:  25/30      EV: 15    Int: 18 (20) God:    Sif Muna [*****.]
Gold:   1963       SH:  0    Dex: 15 (16) Spells: 4/41 levels left

rFire   . . .        o - +2 long sword (holy)
rCold   + . .        (no shield)
rNeg    . . .        (helmet restricted)
rPois   .            (no amulet)
rElec   .            (no ring)
rCorr   .            (no ring)
SInv    .            (no ring)
Will    +....        (no ring)
Stlth   +++++        (no ring)
HPRegen 0.31/turn    (no ring)
MPRegen 0.22/turn    (no ring)
                     (no ring)

%: no teleportation
@: lethally poisoned (0 -> -3), enlightened, flying
A: almost no armour, amphibious, 8 rings, camouflage 1, gelatinous body 1,
(nimble swimmer 1), tentacles, agile 1, cold resistance 1, robust 1
a: Renounce Religion, Channel Magic, Forget Spell, Divine Exegesis


You were in the Dungeon.
You worshipped Sif Muna.
Sif Muna was extremely pleased with you.
You visited 1 branch You collected 2060 gold pieces.
You spent 97 gold pieces at shops.

Inventory:

Hand Weapons
 n - a +0 short sword
 o - a +2 long sword of holy wrath (weapon)
Scrolls
 f - a scroll of blinking
 g - a scroll of amnesia {unknown}
 h - a scroll of poison {unknown}
 i - 2 scrolls of identify {unknown}
 k - a scroll of torment {unknown}
Potions
 a - a potion of magic
 e - a potion of mutation
 j - a potion of enlightenment
 m - a potion of brilliance {unknown}
Miscellaneous
 b - a lightning rod (4/4)


   Skills:
 + Level 2.3 Fighting
 + Level 0.4 Long Blades
 + Level 5.4 Dodging
 - Level 7.1 Stealth
 * Level 15.6 Spellcasting
 * Level 8.9 Conjurations
 + Level 4.6 Hexes
 + Level 13.7 Fire Magic
 * Level 8.5 Ice Magic
 * Level 6.6 Invocations
 + Level 0.3 Evocations


You had 4 spell levels left.
You knew the following spells:

 Your Spells              Type           Power      Damage    Failure   Level
a - Foxfire               Conj/Fire      100%       2x1d9     1%          1
b - Scorch                Fire           100%       2d9       1%          2
c - Inner Flame           Hex/Fire       47%        N/A       1%          3
d - Flame Wave            Conj/Fire      53%        2d13      1%          4
e - Slow                  Hex            100%       N/A       1%          1
f - Metabolic Englaciati  Hex/Ice        18%        N/A       9%          5
g - Frozen Ramparts       Ice            88%        1d14      1%          3
h - Starburst             Conj/Fire      26%        6d8       7%          6
i - Sticky Flame          Conj/Fire      53%        2d7       1%          4
j - Fireball              Conj/Fire      26%        3d12      1%          5
k - Ignite Poison         Fire/Tmut/Pois 30%        N/A       1%          3

Your spell library contained the following spells:

 Spells                   Type           Power      Damage    Failure   Level
 Magic Dart               Conj           100%       1d8       1%          1
 Searing Ray              Conj           92%        2d7       1%          2
 Confusing Touch          Hex            30%        N/A       1%          3
 Volatile Blastmotes      Fire/Tloc      76%        2d16      1%          3
 Vampiric Draining        Necr           14%        2d7       14%         3
 Petrify                  Tmut/Erth      14%        N/A       41%         4
 Freezing Cloud           Conj/Ice/Air   17%        6-21      12%         5
 Conjure Ball Lightning   Conj/Air       15%        3x3d6     73%         6
 Chain Lightning          Conj/Air       15%        3d20      100%        9


Dungeon Overview and Level Annotations

Branches:
Dungeon (1/1)

Altars:
Cheibriados
Dithmenos
Elyvilon
Fedhas
Gozag
Hepliaklqana
Kikubaaqudgha
Makhleb
Nemelex Xobeh
Okawaru
Qazlal
Ru
Sif Muna
Trog
Uskayaw
Vehumet
Wu Jian
Xom
Yredelemnul
Zin
The Shining One
Jiyva
Lugonu

Shops:
D ?


Innate Abilities, Weirdness & Mutations

You cannot wear most types of armour.
You are amphibious.
You can wear up to eight rings at the same time.
Your skin changes colour to match your surroundings (Stealth+).
Your rubbery body absorbs attacks. (AC +1, EV +1)
((You are camouflaged when in or above water. (Stealth+)))
You have tentacles for arms and can constrict up to eight enemies at once.
You are agile. (Dex +4, Str/Int -1)
Your flesh is cold resistant. (rC+)
You are robust. (+10% HP)


Message History

A wave of flame ripples out!
The flame wave engulfs the killer bee.
The killer bee is moderately wounded.
The flame wave engulfs the killer bee!
You kill the killer bee!
Sif Muna accepts your kill.
The flame wave engulfs the killer bee!
The killer bee is almost dead.
The flame wave engulfs the killer bee!!
You kill the killer bee!
Sif Muna accepts your kill.
The flame wave engulfs the killer bee!!
You kill the killer bee!
Sif Muna accepts your kill.
The flame wave engulfs the killer bee!
The killer bee is heavily wounded.
You feel sick. The killer bee stings you! x2
* * * LOW HITPOINT WARNING * * *
The killer bee barely misses you. The killer bee stings you!
* * * LOW HITPOINT WARNING * * *
Unknown command.
Unknown command.
It was a potion of enlightenment.
You feel very buoyant.
You fly up into the air.
* * * LOW HITPOINT WARNING * * *
You feel sick. The killer bee closely misses you.
The killer bee completely misses you. The killer bee misses you. x2
The killer bee barely misses you.
Okay, then.
Okay, then.
Unknown command.
Unknown command.
Unknown command.
Unknown command.
It was a potion of degeneration.
There was something very wrong with that liquid.
You feel weakened.
You feel dopey.
You feel clumsy.
* * * LOW HITPOINT WARNING * * *
You feel sick. The killer bee stings you.
You die...

..########## ###
.#...'.#...# ...'
....##.#...##≈≈≈≈#
..)..#)#...≈≈≈e...
...###)#...##≈
....##.'...#
##.#.#######
#######################
.#.#.....#..^..^@yyyy≈#
#.##)###.#^.^...#yyyyy#
#.##.#..##......#yyyy≈≈≈
.#..##..'...^...#yyyyy~~
▓▓▓▓▓▓▓▓#^.^....#yyyyy..
#....)..#yyyy...
+.^^....#yy.....
#.....^.########
##+######


You could see a queen bee and 28 killer bees.

Vanquished Creatures
  Erolcha (D)
  An orc high priest (D)
  A deep elf knight (D)
  A deep elf zephyrmancer (D)
  2 orc sorcerers (D)
  2 orc knights (D)
  4 deep elf pyromancers (D)
  A shadow (D)
  2 redbacks (D)
  A spatial vortex (D)
  3 orc warriors (D)
  5 two-headed ogres (D)
  A necrophage (D)
  A water elemental (D)
  4 killer bees (D)
  A jelly (D)
  An orc priest (D)
  A wizard (D)
  A necromancer (D)
  An orc wizard (D)
  3 humans (D)
  A kobold demonologist (D)
  A wolf (D)
  8 orcs (D)
  An endoplasm (D)
  3 rats (D)
52 creatures vanquished.

Vanquished Creatures (others)
  139 foxfires (D)
139 creatures vanquished.

Grand Total: 191 creatures vanquished

Notes
Turn   | Place    | Note
-------+----------+-------------------------------------------
     0 | D        | Conn the Octopode Fire Elementalist began the quest for the
                  | Orb.
     0 | D        | Reached XP level 1. HP: 11/11 MP: 3/3
   113 | D        | Noticed a wolf
   132 | D        | Reached XP level 2. HP: 17/17 MP: 1/5
   179 | D        | Learned a level 2 spell: Scorch
   185 | D        | Reached skill level 3 in Spellcasting
   185 | D        | Reached skill level 5 in Fire Magic
   185 | D        | Reached XP level 3. HP: 21/21 MP: 1/7
   247 | D        | Learned a level 3 spell: Inner Flame
   261 | D        | Gained mutation: You are robust. (+10% HP) [potion of
                  | mutation]
   261 | D        | Gained mutation: You are agile. (Dex +4, Str/Int -1)
                  | [potion of mutation]
   261 | D        | Gained mutation: Your flesh is cold resistant. (rC+)
                  | [potion of mutation]
   266 | D        | Noticed a water elemental
   269 | D        | Killed a water elemental
   270 | D        | Reached skill level 4 in Spellcasting
   270 | D        | Reached XP level 4. HP: 29/29 MP: 1/10
   278 | D        | Learned a level 4 spell: Flame Wave
   345 | D        | Noticed a human
   346 | D        | Noticed a human
   348 | D        | Killed a human
   349 | D        | Reached skill level 5 in Spellcasting
   349 | D        | Reached XP level 5. HP: 34/34 MP: 3/13
   349 | D        | Reached XP level 6. HP: 39/39 MP: 3/14
   351 | D        | Killed a human
   352 | D        | Reached skill level 7 in Spellcasting
   391 | D        | Found an ornate altar of the Wu Jian Council.
   392 | D        | Found a hide-covered altar of Uskayaw.
   392 | D        | Found a bloodstained altar of Trog.
   394 | D        | Found a radiant altar of Vehumet.
   394 | D        | Found a shimmering blue altar of Sif Muna.
   394 | D        | Found an ancient bone altar of Kikubaaqudgha.
   407 | D        | Became a worshipper of Sif Muna the Loreminder
   450 | D        | Learned a level 1 spell: Slow
   457 | D        | Learned a level 5 spell: Metabolic Englaciation
   459 | D        | Found an iron altar of Okawaru.
   466 | D        | Found a basalt altar of Yredelemnul.
   466 | D        | Found a shadowy altar of Dithmenos.
   466 | D        | Found a sacrificial altar of Ru.
   469 | D        | Reached skill level 10 in Fire Magic
   469 | D        | Reached XP level 7. HP: 46/46 MP: 12/18
   474 | D        | Reached skill level 1 in Ice Magic
   552 | D        | Noticed a shadow
   552 | D        | Reached * piety under Sif Muna
   552 | D        | Killed a shadow
   553 | D        | Reached skill level 1 in Fighting
   553 | D        | Reached skill level 8 in Spellcasting
   553 | D        | Reached skill level 1 in Hexes
   603 | D        | Learned a level 3 spell: Frozen Ramparts
   608 | D        | Found a glowing silver altar of Zin.
   608 | D        | Found a glowing golden altar of the Shining One.
   608 | D        | Found a white marble altar of Elyvilon.
   611 | D        | Noticed a deep elf pyromancer
   615 | D        | Killed a deep elf pyromancer
   616 | D        | Reached skill level 10 in Spellcasting
   616 | D        | Reached skill level 5 in Conjurations
   616 | D        | Reached XP level 8. HP: 52/52 MP: 4/22
   733 | D        | Reached ** piety under Sif Muna
   834 | D        | Noticed a two-headed ogre
  1261 | D        | Found Jyeguog's Magic Scroll Emporium.
  1262 | D        | Noticed an orc sorcerer
  1262 | D        | Noticed an orc knight
  1268 | D        | Noticed an orc high priest
  1268 | D        | Killed an orc sorcerer
  1268 | D        | Reached *** piety under Sif Muna
  1269 | D        | Reached skill level 11 in Spellcasting
  1269 | D        | Reached skill level 5 in Ice Magic
  1269 | D        | Reached XP level 9. HP: 58/58 MP: 6/24
  1270 | D        | Noticed an orange demon
  1272 | D        | Killed an orc knight
  1273 | D        | Reached skill level 12 in Spellcasting
  1288 | D        | Killed an orc high priest
  1294 | D        | Reached **** piety under Sif Muna
  1471 | D        | Killed a two-headed ogre
  1472 | D        | Reached skill level 5 in Dodging
  1472 | D        | Reached skill level 13 in Spellcasting
  1582 | D        | Found a blossoming altar of Fedhas.
  1583 | D        | Found a stormy altar of Qazlal.
  1585 | D        | Reached ***** piety under Sif Muna
  1637 | D        | Noticed an orc knight
  1670 | D        | Killed an orc knight
  1670 | D        | Received a gift from Sif Muna
  1671 | D        | Reached XP level 10. HP: 49/66 MP: 10/27
  1671 | D        | Got Sif Muna's Atlas of Forceful Arson {god gift}
  1680 | D        | Learned a level 6 spell: Starburst
  1795 | D        | Bought a scroll of blinking for 97 gold pieces
  1951 | D        | Found a snail-covered altar of Cheibriados.
  1951 | D        | Found a burning altar of Makhleb.
  1953 | D        | Found a shimmering altar of Xom.
  1954 | D        | Found a hazy altar of Hepliaklqana.
  1954 | D        | Found an opulent altar of Gozag.
  1954 | D        | Found a sparkling altar of Nemelex Xobeh.
  1954 | D        | Found a corrupted altar of Lugonu.
  1954 | D        | Found a viscous altar of Jiyva.
  1986 | D        | Noticed a deep elf pyromancer
  1986 | D        | Noticed a deep elf knight
  1986 | D        | Noticed a deep elf pyromancer
  1986 | D        | Noticed a deep elf pyromancer
  1986 | D        | Noticed a deep elf zephyrmancer
  1999 | D        | Killed a deep elf zephyrmancer
  2003 | D        | Killed a deep elf knight
  2004 | D        | Reached skill level 14 in Spellcasting
  2007 | D        | Killed a deep elf pyromancer
  2012 | D        | Killed a deep elf pyromancer
  2013 | D        | Reached skill level 5 in Invocations
  2018 | D        | Killed a deep elf pyromancer
  2151 | D        | Noticed a deep elf annihilator
  2152 | D        | Noticed a deep elf annihilator
  2158 | D        | Noticed a deep elf death mage
  2543 | D        | Identified the +4 lajatang "Tissas" {pain, rPois Str+3}
  2543 | D        | Identified the ring of Pitivis {AC+4 Int+3}
  2543 | D        | Noticed a deep elf death mage
  2546 | D        | Noticed a deep elf annihilator
  2558 | D        | Noticed a deep elf zephyrmancer
  2559 | D        | Identified the ring "Iroll" {Fire Drain Dex+7}
  2559 | D        | Noticed a deep elf master archer
  3077 | D        | Noticed an orc sorcerer
  3104 | D        | Noticed a smoke demon
  3104 | D        | Killed an orc sorcerer
  3105 | D        | Reached skill level 15 in Spellcasting
  3294 | D        | Noticed Erolcha
  3468 | D        | Learned a level 4 spell: Sticky Flame
  3477 | D        | Received a gift from Sif Muna
  3478 | D        | Got Peic's Secrets of Weathered Sparks {god gift}
  3482 | D        | Reached XP level 11. HP: 48/70 MP: 19/30
  3542 | D        | Learned a level 5 spell: Fireball
  3546 | D        | Learned a level 3 spell: Ignite Poison
  4120 | D        | Killed Erolcha
  4200 | D        | HP: 3/70 [poisoned by a killer bee]
  4201 | D        | Slain by a killer bee

Illustrated notes

Levels and vault maps discovered:
D:        dungeon_sprint_mu [sprint_mu_entry_cave, sprint_mu_temple_rooms,
          sprint_mu_d1_spiders, sprint_mu_d2_genie, sprint_mu_d3_branching,
          sprint_mu_orc_legion, sprint_mu_elf_gauntlet, sprint_mu_hive_nellie,
          sprint_mu_lair_fedhas, sprint_mu_vaults_butterflies,
          sprint_mu_slime_circle, sprint_mu_shoals_archi,
          sprint_mu_snake_twists, sprint_mu_blade_basic,
          sprint_mu_crypt_fortress, sprint_mu_tomb_spiral,
          sprint_mu_vestibule_basic, sprint_mu_gehenna_hellfire,
          sprint_mu_dis_giant, sprint_mu_tartarus_statrot,
          sprint_mu_cocytus_islands, sprint_mu_zot1]

Skill      XL: |  1  2  3  4  5  6  7  8  9 10 11 |
---------------+----------------------------------+-----
Stealth        | 3 4 6 7 |  7.1
Fire Magic     | 4 5 6 8 10 11 12 13 | 13.7
Dodging        | 3 4 5 |  5.4
Spellcasting   | 3 4 5 7 10 11 13 15 | 15.6
Conjurations   | 2 3 5 6 7 8 |  8.9
Ice Magic      | 3 5 6 8 |  8.5
Fighting       | 1 2 |  2.3
Hexes          | 1 2 3 4 |  4.6
Invocations    | 3 5 6 |  6.6
Long Blades    | |  0.4
Evocations     | |  0.3

Action                     |  1- 3 |  4- 6 |  7- 9 | 10-12 || total
---------------------------+-------+-------+-------+-------++-------
  Melee: Unarmed           |     6 |       |       |       ||     6
         Tentacles         |     2 |       |     1 |     1 ||     4
         Constrict         |     1 |       |     1 |     1 ||     3
         Short sword       |       |       |     2 |       ||     2
         Long sword        |       |       |     2 |     4 ||     6
   Cast: Foxfire           |    10 |       |    16 |    65 ||    91
         Scorch            |     5 |     4 |    22 |     9 ||    40
         Inner Flame       |       |     1 |    13 |    22 ||    36
         Flame Wave        |       |     3 |     7 |     4 ||    14
         Frozen Ramparts   |       |       |     1 |     1 ||     2
         Metabolic Englaci |       |       |     1 |     4 ||     5
         Fireball          |       |       |       |    11 ||    11
         Starburst         |       |       |       |     8 ||     8
 Invoke: Channel Magic     |       |       |       |     3 ||     3
  Evoke: Lightning rod     |       |       |       |     2 ||     2
    Use: Potion            |     2 |     1 |     4 |     3 ||    10
         Scroll            |       |       |       |     1 ||     1
 Armour: Skin              |       |       |     1 |       ||     1
  Dodge: Dodged            |     3 |     1 |    19 |    26 ||    49

Table legend: (Time is in decaauts)
 A = Elapsed time spent in this place.
 B = Non-inter-level travel time spent in this place.
 C = Inter-level travel time spent in this place.
 D = Time resting spent in this place.
 E = Time spent auto-exploring this place.
 F = Levels seen in this place.
 G = Mean time per level.
                   A        B        C        D        E       F      G
               +--------+--------+--------+--------+--------+-----+--------+
         Total |   4190 |   4190 |      0 |   2855 |      0 |   1 | 4190.0 |
       Dungeon |   4190 |   4190 |      0 |   2855 |      0 |   1 | 4190.0 |
               +--------+--------+--------+--------+--------+-----+--------+

Top non-repeatable levels by time:
       D: 4190 daAuts
